 Dungeon Crawl Stone Soup version 0.19-a0-628-g9200b3b (webtiles) character file.

223 Kilingo the Ducker (level 5, -3/41 HPs)
             Began as a Centaur Arcane Marksman on June 13, 2016.
             Killed by nerve-wracking pain
             ... invoked by an orc priest
              (6 damage)
             ... on level 3 of the Dungeon on June 14, 2016.
             The game lasted 01:01:50 (6093 turns).

Kilingo the Ducker (Centaur Arcane Marksman)        Turns: 6093, Time: 01:01:51

Health: -3/41      AC:  4    Str: 15    XL:     5   Next: 66%
Magic:  5/7        EV: 15    Int: 16    God:
Gold:   139        SH:  0    Dex: 13    Spells: 2 memorised, 4 levels left

rFire  . . .     SeeInvis .       - Unarmed
rCold  . . .     Gourm    .     c - +0 leather armour
rNeg   . . .     Faith    .     (no shield)
rPois  .         Spirit   .     (no helmet)
rElec  .         Dismiss  .     (no cloak)
rCorr  .         Reflect  .     (no gloves)
SustAt .         Harm     .     (no barding)
MR     .....                    (no amulet)
Stlth  ++........               (no ring)
                                m - +4 ring of intelligence

@: agile, very quick, not resistant to hostile enchantments, unstealthy
A: hooves 3, deformed body, speed 2, tough skin 3
a: no special abilities


You were on level 3 of the Dungeon.
You were not hungry.

You visited 1 branch of the dungeon, and saw 4 of its levels.

You collected 139 gold pieces.

Inventory:

Hand Weapons
 a - a +0 hunting sling
Missiles
 o - 17 poisoned needles
 q - 117 stones (quivered)
Armour
 c - a +0 leather armour (worn)
Jewellery
 m - a +4 ring of intelligence (left hand)
Scrolls
 d - a scroll of recharging
 e - 3 scrolls of identify
 h - 2 scrolls of immolation
 l - 3 scrolls of remove curse
Potions
 n - a potion of curing {unknown}
Books
 b - a book of Debilitation

   Spells                             Type                      Level
   a - Corona                         Hexes                        1
   b - Slow                           Hexes                        2
   c - Gell's Gravitas                Hexes/Translocation          3
   d - Inner Flame                    Hexes/Fire                   3
   e - Cause Fear                     Hexes                        4
   f - Leda's Liquefaction            Hexes/Earth                  4
Comestibles
 g - 3 chunks of flesh


   Skills:
 - Level 1.7 Fighting
 + Level 1.6(2.2) Slings
 - Level 2.1(2.5) Throwing
 - Level 2.0 Armour
 - Level 2.7 Dodging
 - Level 1.5 Unarmed Combat
 - Level 1.6 Spellcasting
 - Level 2.6 Hexes


You had 4 spell levels left.
You knew the following spells:

 Your Spells              Type           Power        Failure   Level  Hunger
a - Corona                Hex            #......      10%         1    ##.....
b - Slow                  Hex            #.......     14%         2    ###....


Dungeon Overview and Level Annotations

Branches:
Dungeon (4/15)             Temple (0/1) D:4

Altars:
Qazlal
Zin

Shops:
D:4 }


Innate Abilities, Weirdness & Mutations

You have hooves in place of feet.
Armour fits poorly on your strangely shaped body.
You cover ground very quickly.
You have extremely tough skin. (AC +3)


Message History

* * * LOW HITPOINT WARNING * * *
Okay, then.
It was a potion of agility.
You feel agile all of a sudden.
Casting: Corona
Confirm with . or Enter, or press ? or * to list all spells.
Aiming: Corona
Press: ? - help, Shift-Dir - straight line, f/p - orc priest
Aim: an orc priest, wielding a hand axe and wearing a ring mail (chance to defeat MR: 44%)
The orc priest is outlined in light.
The orc priest misses you.
You hit the orc priest but do no damage.
The orc priest hits you but does no damage.
You hit the orc priest but do no damage.
You kick the orc priest, but do no damage.
The orc priest closely misses you.
You hit the orc priest.
The orc priest is moderately wounded.
The orc priest mumbles some strange prayers to Beogh against you.
Pain shoots through your body!
You die...

#.###.##
#......<##...#
##.#.##
##########.###
##.## ######### #.#
###.###
#.......###.#
......#
#.......#.).#
###.#.#
#.......#)###
###.#.# #.......#.#
##..#.# #.......#.#
##.##.# ####....@.#
##.##.# ######o#
......# #######.#
##....# #.......#
####.# ##.#####(#
#.# #.....##.#
############
#.####.###.##.#
#.........#. #
#......# #....#
#.##.#......
##########.###.####
#.##.#.##.#.


You could see an orc priest.

Vanquished Creatures
  A hound (D:4)
  An orc priest (D:3)
  An orc wizard (D:4)
  3 adders
  An ooze (D:1)
  An adder skeleton (D:3)
  3 worms
  3 dart slugs
  9 orcs
  A ball python (D:2)
  2 giant cockroaches
  15 goblins
  10 hobgoblins
  2 jackals (D:4)
  A quokka (D:4)
  5 bats
  7 giant newts
  6 kobolds
  7 rats
79 creatures vanquished.

Notes
Turn   | Place    | Note
--------------------------------------------------------------
     0 | D:1      | Kilingo the Centaur Arcane Marksman began the quest for the Orb.
     0 | D:1      | Reached XP level 1. HP: 16/16 MP: 2/2
   196 | D:1      | Reached skill level 1 in Unarmed Combat
   228 | D:1      | Reached XP level 2. HP: 15/23 MP: 1/3
   311 | D:1      | Learned a level 2 spell: Slow
   632 | D:1      | Reached skill level 1 in Armour
  1032 | D:2      | Reached XP level 3. HP: 28/28 MP: 1/4
  1060 | D:2      | Found a stormy altar of Qazlal.
  2212 | D:3      | Reached XP level 4. HP: 36/36 MP: 2/5
  3900 | D:4      | Reached XP level 5. HP: 8/41 MP: 3/6
  4296 | D:3      | Found a glowing silver altar of Zin.
  4649 | D:4      | Found Ovele's Gadget Shop.
  4680 | D:4      | Noticed an ogre
  4739 | D:4      | Found a staircase to the Ecumenical Temple.
  6031 | D:3      | Reached skill level 1 in Slings
  6088 | D:3      | HP: 2/41 [orc priest/nerve-wracking pain (12)]
  6093 | D:3      | Killed from afar by an orc priest

Vault maps used:
D:1:      elethiomel_arrival_maze
D:2:      first_bread, grunt_qazlal_sundering
D:3:      zin_scriptorium
D:4:      kennysheep_the_goblin_king, gammafunk_pakellas_spire_experiment,
          minmay_temple_entry_large_hall, serial_shops,
          nicolae_shop_window_shopping, uniq_crazy_yiuf_cottage

Skill      XL: |  1  2  3  4  5 |
---------------+----------------+-----
Unarmed Combat | 1 |  1.5
Armour         | 1 2 |  2.0
Dodging        | 2 |  2.7
Slings         | 1 |  1.6
Fighting       | |  1.7
Throwing       | |  2.1
Spellcasting   | |  1.6
Hexes          | |  2.6

Action                   |  1- 3 |  4- 6 || total
-------------------------+-------+-------++-------
Melee: Unarmed           |   102 |   114 ||   216
       Kick              |    20 |    14 ||    34
       Punch             |     1 |       ||     1
 Fire: Hunting sling     |       |    21 ||    21
Throw: Javelin           |    49 |     9 ||    58
       Throwing net      |     3 |       ||     3
       Tomahawk          |       |    13 ||    13
 Cast: Corona            |    65 |    59 ||   124
       Slow              |       |    26 ||    26
  Use: Scroll            |     3 |     6 ||     9
       Potion            |     1 |     2 ||     3
 Stab: Held in net/web   |     1 |       ||     1
  Eat: Chunk             |     3 |     3 ||     6
       Bread ration      |     1 |     2 ||     3
Armor: Robe              |    38 |    47 ||    85
       Skin              |       |    46 ||    46
       Leather armour    |       |     6 ||     6
Dodge: Dodged            |    54 |    96 ||   150
